 Dungeon Crawl Stone Soup version 0.30.1-9-gdf580d7c3d (webtiles) character file.

Game seed: 12301171476148577643

2604 Ivernyr the Cruncher (level 9, -5/64 HPs)
             Began as a Formicid Fighter on Oct 5, 2023.
             Slain by an ogre
             ... wielding a +0 giant club
              (11 damage)
             ... on level 7 of the Dungeon.
             The game lasted 00:16:08 (7607 turns).

Ivernyr the Cruncher (Formicid Fighter)             Turns: 7607, Time: 00:16:09

Health: -5/64      AC: 10    Str: 26    XL:     9   Next: 90%
Magic:  9/9        EV:  8    Int:  7    God:
Gold:   616        SH:  9    Dex: 13    Spells: 8/8 levels left

rFire   . . .        a - +0 quarterstaff
rCold   . . .        c - +0 kite shield
rNeg    . . .        b - +0 scale mail
rPois   .            (helmet unavailable)
rElec   .            (no cloak)
rCorr   .            (no gloves)
SInv    +            h - +2 pair of boots
Will    .....        k - amulet of the acrobat Stlth
                     (no ring)
HPRegen 0.30/turn    (no ring)
MPRegen 0.11/turn

%: acrobat
@: brilliant, lethally poisoned (-5 -> -9)
A: permanent stasis, dig shafts and tunnels, antennae 3, four strong arms
a: Dig, Shaft Self


You were on level 7 of the Dungeon.
You visited 1 branch of the dungeon, and saw 7 of its levels.

You collected 616 gold pieces.

Inventory:

Hand Weapons
 a - a +0 quarterstaff (weapon)
Armour
 b - a +0 scale mail (worn)
 c - a +0 kite shield (worn)
 h - a +2 pair of boots (worn)
Jewellery
 k - an amulet of the acrobat (around neck)
Wands
 g - a wand of flame (36)
 m - a wand of iceblast (7)
 x - a wand of polymorph (5)
 y - a wand of charming (10)
Scrolls
 l - 4 scrolls of teleportation {unknown}
 n - 2 scrolls of magic mapping
 o - a scroll of enchant armour
 s - a scroll of butterflies
 v - 2 scrolls of poison {unknown}
 w - 2 scrolls of immolation {unknown}
 B - a scroll of identify
Potions
 d - 3 potions of might
 e - a potion of attraction {unknown}
 f - 2 potions of ambrosia {unknown}
 i - 2 potions of invisibility {unknown}
 j - 2 potions of lignification {unknown}
 p - a potion of mutation {unknown}
 q - a potion of resistance {unknown}
 r - a potion of haste {unknown}
 t - 2 potions of degeneration {unknown}
 u - 5 potions of curing {unknown}
 z - 2 potions of heal wounds {unknown}
 A - 2 potions of brilliance


   Skills:
 - Level 3.2 Fighting
 + Level 12.8 Staves
 - Level 3.2 Armour
 - Level 4.0 Shields


You had 8 spell levels left.
You didn't know any spells.
Your spell library contained the following spells:

 Spells                   Type           Power      Damage    Failure   Level
 Apportation              Tloc           0%         N/A       91%         1
 Sublimation of Blood     Necr           0%         N/A       97%         2
 Wereblood                Tmut           0%         N/A       97%         2
 Volatile Blastmotes      Fire/Tloc      0%         2d10      100%        3
 Animate Dead             Necr           0%         N/A       100%        4
 Fulminant Prism          Conj/Hex       0%         3d5       100%        4
 Iskenderun's Mystic Bla  Conj/Tloc      0%         2d3       100%        4
 Alistair's Intoxication  Tmut/Pois      0%         N/A       100%        5
 Borgnjor's Vile Clutch   Necr/Erth      0%         N/A       100%        5
 Lee's Rapid Deconstruct  Erth           0%         3d4*      100%        5
 Death Channel            Necr           0%         N/A       100%        6
 Summon Hydra             Summ           0%         N/A       100%        7


Dungeon Overview and Level Annotations

Branches:
Dungeon (7/15)             Temple (0/1) D:5

Altars:
Uskayaw

Shops:
D:1 =**[[   D:3 (

Annotations:
D:7 1 runed translucent door, Crazy Yiuf


Innate Abilities, Weirdness & Mutations

You cannot be hasted, slowed, berserked, paralysed or teleported.
You can dig through walls and to a lower floor.
You have a pair of large antennae on your head. (SInv)
Your four strong arms can wield two-handed weapons with a shield.


Message History

Things that are here:
a +0 short sword; a kobold corpse The kobold closely misses you.
The kobold brigand hits you with a +2 dagger of holy wrath.
The kobold completely misses you.
You closely miss the kobold brigand. The kobold closely misses you.
You block the kobold brigand's attack. The kobold closely misses you.
The kobold hits you but does no damage. The kobold attacks as you move away!
The kobold hits you but does no damage. The kobold attacks as you move away!
You block the kobold's attack. The kobold attacks as you move away!
You block the kobold's attack. The kobold attacks as you move away!
The kobold hits you with a +0 short sword.
The kobold completely misses you. The kobold attacks as you move away!
You block the kobold's attack.
Things that are here:
a +0 scimitar; a +0 robe You barely miss the ogre.
The ogre hits you with a +0 giant club. The kobold closely misses you.
You sock the ogre!
The ogre is moderately wounded.
You sock the ogre!
The ogre is almost dead.
The kobold hits you with a +0 dagger.
The kobold brigand throws a poisoned dart.
The poisoned dart hits you!
You are poisoned.
You barely miss the ogre.
The ogre is almost dead.
You feel sick.
The ogre hits you with a +0 giant club!!
Ouch! That really hurt!
* * * LOW HITPOINT WARNING * * *
The kobold hits you with a +0 dagger.
* * * LOW HITPOINT WARNING * * *
It was a potion of brilliance.
You feel clever all of a sudden.
* * * LOW HITPOINT WARNING * * *
You feel sick. The ogre hits you with a +0 giant club!
You die...

##...........
##......#)....
###...#...#....#
##.....#........# ##
##.....##.......[.
###.###..............#.<
#....#...............#..
#........###############
##....K@## ####
#......#O# {#8..
##....)KK# #..#
#.....K..# { ##.#
#......#.# { #.#
#.#.....## ##.#
#.........# #8.#
#........## #..#
###.....#. ##)#


You could see an ogre and 3 kobolds.

Vanquished Creatures
  A water moccasin (D:7)
  2 black bears (D:6)
  An ice beast (D:7)
  2 orc warriors
  2 sky beasts
  2 ogres (D:6)
  2 phantoms
  2 bullfrogs
  3 scorpions (D:5)
  A gnoll sergeant (D:6)
  8 wights
  A howler monkey (D:5)
  2 orc priests (D:7)
  2 jellies
  2 gnoll boudas (D:5)
  4 hounds
  2 iguanas
  An orc wizard (D:7)
  20 gnolls
  9 adders
  2 shadow imps
  An ufetubus (D:6)
  A worm (D:4)
  2 dart slugs (D:3)
  5 orcs
  5 ball pythons
  5 endoplasms
  3 giant cockroaches
  6 hobgoblins
  11 jackals
  5 kobolds
  A quokka (D:4)
  3 bats
  3 frilled lizards
  5 goblins
  A rat (D:1)
128 creatures vanquished.

Notes
Turn   | Place    | Note
-------+----------+-------------------------------------------
     0 | D:1      | Ivernyr the Formicid Fighter began the quest for the Orb.
     0 | D:1      | Reached XP level 1. HP: 18/18 MP: 1/1
    19 | D:1      | Found Geynt's Assorted Antiques.
    93 | D:1      | Reached XP level 2. HP: 24/24 MP: 2/2
    96 | D:1      | Found a faded altar of an unknown god.
   138 | D:1      | Found Suudo's General Store.
   323 | D:1      | Found Irudd's Jewellery Shoppe.
   533 | D:1      | Found Muezih's Antique Armour Emporium.
   579 | D:1      | Found Firich's Antique Armour Boutique.
  1075 | D:2      | Reached skill level 3 in Staves
  1235 | D:2      | Reached XP level 3. HP: 25/29 MP: 3/3
  1583 | D:2      | Reached skill level 4 in Staves
  1583 | D:2      | Reached XP level 4. HP: 29/35 MP: 4/4
  1630 | D:2      | Identified the +1 hand axe of Xom's Supremacy {flame, Fly
                  | Dex+4}
  2277 | D:3      | Reached skill level 5 in Staves
  2277 | D:3      | Reached XP level 5. HP: 39/41 MP: 5/5
  2840 | D:3      | Found Dium's Weapon Boutique.
  2884 | D:4      | Reached XP level 6. HP: 46/47 MP: 6/6
  3271 | D:4      | Reached skill level 6 in Staves
  3752 | D:5      | Entered Level 5 of the Dungeon
  4002 | D:5      | Found a hide-covered altar of Uskayaw.
  4081 | D:5      | Reached XP level 7. HP: 52/52 MP: 7/7
  4083 | D:5      | Reached skill level 7 in Staves
  4476 | D:5      | Found a staircase to the Ecumenical Temple.
  4642 | D:5      | Reached skill level 8 in Staves
  5403 | D:6      | Reached XP level 8. HP: 55/58 MP: 8/8
  5489 | D:6      | Reached skill level 9 in Staves
  6022 | D:6      | Reached skill level 10 in Staves
  6098 | D:6      | Reached XP level 9. HP: 59/64 MP: 9/9
  6268 | D:6      | Reached skill level 11 in Staves
  6977 | D:7      | Reached skill level 12 in Staves
  7542 | D:7      | Found a runed translucent door.
  7543 | D:7      | Noticed Crazy Yiuf
  7607 | D:7      | Slain by an ogre

Illustrated notes

Levels and vault maps discovered:
D:1:      roderic_dead_forest, layout_basic, serial_shops, nicolae_shop_crystal,
          shop, shop, nicolae_shop_statue_plus, nicolae_shop_overgrown_old_shop,
          hellmonk_ecumenical_altar_pennies_from_heaven
D:2:      layout_loops_ring
D:3:      layout_loops_cross, serial_shops, shop, kennysheep_potato
D:4:      layout_basic
D:5:      layout_layer_cave, mainiacjoe_overflow_small_starburst, temple_hall,
          nicolae_grassy_gnolls
D:6:      minmay_angry_zag, layout_basic
D:7:      wad_river_or_something, layout_cave_pools,
          nicolae_concentric_dashed_squares_wild, uniq_crazy_yiuf_cottage

Skill      XL: |  1  2  3  4  5  6  7  8  9 |
---------------+----------------------------+-----
Staves         | 3 4 5 6 8 10 12 | 12.8
Fighting       | |  3.2
Armour         | |  3.2
Shields        | |  4.0

Action                     |  1- 3 |  4- 6 |  7- 9 || total
---------------------------+-------+-------+-------++-------
  Melee: Quarterstaff      |   103 |   161 |   299 ||   563
    Use: Scroll            |       |       |     6 ||     6
         Potion            |       |       |     1 ||     1
 Armour: Scale mail        |    48 |    75 |    71 ||   194
  Dodge: Dodged            |    51 |    75 |   100 ||   226
  Block: Buckler           |    29 |    41 |    51 ||   121
         Kite shield       |       |       |    25 ||    25
